 Dungeon Crawl Stone Soup version 0.28.0-53-g5a82cb258f (webtiles) character file.

Game seed: 17618752634855322425

473 firemarshallily the Slasher (level 6, 0/51 HPs)
             Began as a Demonspawn Gladiator on June 10, 2022.
             Was an Initiate of Hepliaklqana.
             Slain by an ufetubus (3 damage)
             ... summoned by Eustachio
             ... on level 4 of the Dungeon.
             The game lasted 00:13:30 (4732 turns).

firemarshallily the Slasher (Demonspawn Gladiator)  Turns: 4732, Time: 00:13:31

Health: 0/51       AC:  5    Str: 16    XL:     6   Next: 84%
Magic:  6/6        EV: 12    Int: 11    God:    Hepliaklqana [......]
Gold:   42         SH:  0    Dex: 15    Spells: 5/5 levels left

rFire   + . .      SeeInvis .   a - +0 long sword
rCold   + . .      Faith    .   (no shield)
rNeg    + . .      Spirit   .   b - +0 leather armour
rPois   +          Reflect  .   c - +0 helmet
rElec   +          Harm     .   h - +0 cloak
rCorr   +          Rampage  .   (no gloves)
Will    .....                   (no boots)
Stlth   +.........              (no amulet)
HPRegen 0.17/turn               r - ring of positive energy
MPRegen 0.10/turn               (no ring)

@: brilliant, resistant, weak-willed, on berserk cooldown, hasted, very quick
A: claws 1, ignite blood 1, powered by death 1, clever 1, poison resistance
a: Renounce Religion


You were on level 4 of the Dungeon.
You worshipped Hepliaklqana.
Hepliaklqana was noncommittal.
You visited 2 branches of the dungeon, and saw 5 of its levels.

You collected 96 gold pieces.
You spent 54 gold pieces at shops.

Inventory:

Hand Weapons
 a - a +0 long sword (weapon)
Missiles
 d - 3 throwing nets
 g - 119 stones
 n - 19 poisoned darts (quivered)
Armour
 b - a +0 leather armour (worn)
 c - a +0 helmet (worn)
 h - a +0 cloak (worn)
 s - a +1 hat
Jewellery
 l - a ring of fire
 r - a ring of positive energy (left claw)
Scrolls
 i - a scroll of immolation
Potions
 m - 2 potions of berserk rage
 p - a potion of resistance


   Skills:
 * Level 5.0 Fighting
 * Level 5.0 Long Blades
 - Level 2.0 Throwing
 - Level 2.0 Armour
 - Level 3.0 Dodging


You had 5 spell levels left.
You didn't know any spells.
Your spell library contained the following spells:

 Spells                   Type           Power      Damage    Failure   Level
 Beastly Appendage        Tmut           0%         N/A       41%         1
 Wereblood                Tmut           0%         N/A       54%         2
 Spider Form              Tmut/Pois      0%         N/A       78%         3


Dungeon Overview and Level Annotations

Branches:
Dungeon (4/15)             Temple (1/1) D:4

Altars:
Ashenzari
Elyvilon
Gozag
Hepliaklqana
Makhleb
Nemelex Xobeh
Okawaru
Qazlal
Ru
Sif Muna
Trog
Uskayaw
Vehumet
Wu Jian

Shops:
D:3 [

Annotations:
D:4 Eustachio


Innate Abilities, Weirdness & Mutations

You have sharp fingernails.
Your demonic aura sometimes causes spilled blood to erupt in flames.
You regenerate a little health from kills.
Your mind is acute. (Int +2)
Your system is resistant to poisons. (rPois)


Message History

The quasit claws you but does no damage.
Eustachio hits you with a +0 rapier.
* * * LOW HITPOINT WARNING * * *
The quasit closely misses you. The quasit claws you.
* * * LOW HITPOINT WARNING * * *
The quasit claws you but does no damage.
Unknown command.
As you read the scroll of teleportation, it crumbles to dust.
You feel strangely unstable. Eustachio hits you but does no damage.
The quasit bites you but does no damage.
The quasit claws you but does no damage.
The quasit claws you.
* * * LOW HITPOINT WARNING * * *
As you read the scroll labelled DIUTZE ZAUCU, it crumbles to dust.
Wisps of shadow whirl around you...
It was a scroll of summoning.
Eustachio barely misses you.
The quasit bites you but does no damage.
The quasit closely misses you.
The quasit claws you but does no damage.
As you read the scroll labelled YGREVO QUKA PAZ, it crumbles to dust.
Magic quickly surges around you.
It was a scroll of vulnerability.
The quasit misses you. The quasit barely misses you.
The quasit claws you but does no damage.
Eustachio gestures wildly while chanting.
Eustachio blinks!
Your orc completely misses the quasit.
You swap places.
Your surroundings suddenly seem different.
Eustachio gestures wildly while chanting.
Eustachio blinks!
As you read the scroll labelled ORAN MEWEABLAC, it crumbles to dust.
It is a scroll of amnesia.
You feel forgetful for a moment.
Eustachio gestures wildly while chanting.
Eustachio casts a spell.
Eustachio blinks!
Eustachio casts a spell.
Eustachio blinks!
You feel yourself speed up. The ufetubus hits you.
You die...

...>.....#####
.............#
##...##......#
##...##......####
.............##.##########
.............##.#........#
###..........##.#........#
##.........##.#........#
#####........@@.......#
###......#5.......#
#..###.#........# ###
#####..###.#.W..§...#
..###...........J.......>#
#...<.####...###.#########
#....#####.#.###§§#
#..#..........###W##
#..##..#####..o5J§§#


You could see Eustachio (weak-willed, ally target), an ufetubus (summoned) and a
friendly phantom (summoned, weak-willed).

Vanquished Creatures
  2 scorpions
  A water moccasin skeleton (D:4)
  A howler monkey (D:4)
  A bullfrog skeleton (D:3)
  An orc priest (D:3)
  An orc wizard (D:4)
  A hound skeleton (D:4)
  3 gnolls (D:3)
  A howler monkey skeleton (D:3)
  5 adders
  3 adder skeletons (D:4)
  A worm (D:2)
  3 dart slugs
  6 orcs
  5 ball pythons
  5 bats
  3 endoplasms
  3 giant cockroaches
  10 goblins
  5 hobgoblins
  2 jackals (D:2)
  3 quokkas
  5 frilled lizards
  3 kobolds
  6 rats
80 creatures vanquished.

Notes
Turn   | Place    | Note
-------+----------+-------------------------------------------
     0 | D:1      | firemarshallily the Demonspawn Gladiator began the quest
                  | for the Orb.
     0 | D:1      | Reached XP level 1. HP: 16/16 MP: 1/1
   148 | D:1      | Gained mutation: You have sharp fingernails. [demonic
                  | ancestry]
   148 | D:1      | Reached XP level 2. HP: 22/22 MP: 2/2
  1134 | D:2      | Reached XP level 3. HP: 27/28 MP: 3/3
  2203 | D:2      | Reached XP level 4. HP: 35/35 MP: 4/4
  2299 | D:2      | Gained mutation: Your system is resistant to poisons.
                  | (rPois) [potion of mutation]
  2299 | D:2      | Gained mutation: Your mind is acute. (Int +2) [potion of
                  | mutation]
  2306 | D:2      | HP: 1/35 [poisoned by an adder]
  2980 | D:3      | Reached skill level 1 in Armour
  2980 | D:3      | Gained mutation: Your demonic aura sometimes causes spilled
                  | blood to erupt in flames. [demonic ancestry]
  2980 | D:3      | Reached XP level 5. HP: 21/42 MP: 5/5
  3142 | D:3      | Found a faded altar of an unknown god.
  3445 | D:3      | Found Teda Paf's Armour Emporium.
  3459 | D:3      | Bought a +0 cloak for 54 gold pieces
  3930 | D:4      | Noticed Eustachio
  3986 | D:4      | Gained mutation: You regenerate a little health from kills.
                  | [demonic ancestry]
  3986 | D:4      | Reached XP level 6. HP: 45/48 MP: 6/6
  3994 | D:4      | Found an opulent altar of Gozag.
  4351 | D:4      | Found a staircase to the Ecumenical Temple.
  4379 | Temple   | Entered the Ecumenical Temple
  4440 | Temple   | Became a worshipper of Hepliaklqana the Forgotten
  4685 | D:4      | Reached skill level 5 in Fighting
  4685 | D:4      | Reached skill level 5 in Long Blades
  4725 | D:4      | HP: 2/51 [quasit[Eustachio] (1)]
  4732 | D:4      | Slain by an ufetubus

Illustrated notes

Levels and vault maps discovered:
D:1:      erik_arrival_cave_to_civilisation [erik_arrival_cave_to_hall],
          layout_basic
D:2:      layout_basic, minmay_strange_pillars
D:3:      layout_basic, shapermc_ecumenical_altar_pompeii, serial_shops,
          nicolae_diamond_shop
D:4:      layout_rooms, mainiacjoe_overflow_surrounded_room,
          minmay_temple_entry_stoned_glass, kennysheep_orc_chapel,
          uniq_eustachio
Temple:   nicolae_temple_god_jail

Skill      XL: |  1  2  3  4  5  6 |
---------------+-------------------+-----
Long Blades    | 3 4 5 |  5.0
Throwing       | 2 |  2.0
Dodging        | 3 |  3.0
Fighting       | 3 4 5 |  5.0
Armour         | 1 2 |  2.0

Action                   |  1- 3 |  4- 6 || total
-------------------------+-------+-------++-------
Melee: Long sword        |   132 |   172 ||   304
       Punch             |     3 |     3 ||     6
  Use: Scroll            |     1 |     7 ||     8
       Potion            |       |     6 ||     6
 Stab: Sleeping          |     3 |     1 ||     4
Armor: Leather armour    |    44 |    57 ||   101
Dodge: Dodged            |    89 |   130 ||   219
